 Dungeon Crawl Stone Soup version 0.29.1-1-gd02db6906a (webtiles) character file.

Game seed: 8598314805289582187

3 H0rd4k the Insei (level 1, -2/13 HPs)
             Began as an Octopode Transmuter on Oct 20, 2022.
             Slain by a gnoll
             ... wielding a +0 flail
              (7 damage)
             ... on level 1 of the Dungeon.
             The game lasted 00:00:10 (341 turns).

H0rd4k the Insei (Octopode Transmuter)               Turns: 341, Time: 00:00:11

Health: -2/13      AC:  1    Str:  9    XL:     1   Next: 50%
Magic:  2/3        EV: 13    Int: 15    God:
Gold:   7          SH:  0    Dex: 12    Spells: 3/4 levels left

rFire   . . .      SeeInvis .     - Unarmed
rCold   . . .      Faith    .   (no shield)
rNeg    . . .      Spirit   .   (helmet currently unavailable)
rPois   .          Reflect  .   (no amulet)
rElec   .          Harm     .   (no ring)
rCorr   .          Rampage  .   (no ring)
Will    .....                   (no ring)
Stlth   ++........              (no ring)
HPRegen 0.04/turn               (no ring)
MPRegen 0.08/turn               (no ring)
                                (no ring)
                                (no ring)

@: appendages (expiring)
A: tentacle spike 3, almost no armour, amphibious, 8 rings, camouflage 1,
gelatinous body 1, (nimble swimmer 1), tentacles
a: End Transformation


You were on level 1 of the Dungeon.
One of your tentacles had grown a beastly spike.
You visited 1 branch of the dungeon, and saw 1 of its levels.

You collected 7 gold pieces.

Inventory:

Scrolls
 b - a scroll of brand weapon {unknown}
 c - a scroll of identify {unknown}
Potions
 a - a potion of lignification


   Skills:
 + Level 1.0 Fighting
 + Level 2.0 Dodging
 + Level 3.0 Unarmed Combat
 + Level 2.1 Spellcasting
 + Level 2.0 Transmutations


You had 3 spell levels left.
You knew the following spells:

 Your Spells              Type           Power      Damage    Failure   Level
a - Beastly Appendage     Tmut           14%        N/A       10%         1

Your spell library contained the following spells:

 Spells                   Type           Power      Damage    Failure   Level
 Wereblood                Tmut           7%         N/A       14%         2
 Spider Form              Tmut/Pois      4%         N/A       41%         3
 Ice Form                 Ice/Tmut       4%         N/A       82%         4


Dungeon Overview and Level Annotations

Branches:
Dungeon (1/15)

Altars:


Innate Abilities, Weirdness & Mutations

One of your tentacles has grown a beastly spike.
You cannot wear most types of armour.
You are amphibious.
You can wear up to eight rings at the same time.
Your skin changes colour to match your surroundings (Stealth+).
Your rubbery body absorbs attacks. (AC +1, EV +1)
((You are camouflaged when in or above water. (Stealth+)))
You have tentacles for arms and can constrict up to eight enemies at once.


Message History

You constrict the quokka, but do no damage.
The quokka twitches its whiskers.
The quokka barely misses you.
You tentacle-slap the quokka but do no damage.
You squeeze the quokka.
You kill the quokka!
The rat bites you.
You barely miss the rat. You grab the rat. You constrict the rat.
The rat barely misses you.
You barely miss the rat. You squeeze the rat.
You kill the rat!
No target in view!
No target in view!
No target in view!
HP restored.
Found a leather armour.
You see here a quokka corpse.
Found a ring mail.
Found 11 stones.
No target in view!
A gnoll comes into view. It is wielding a +0 flail.
You see here a +0 leather armour.
A gnoll is nearby!
A gnoll is nearby!
Casting: Beastly Appendage (safe; 10% risk of failure)
Confirm with . or Enter, or press ? or * to list all spells.
One of your tentacles grows a vicious spike.
The helpless gnoll fails to defend itself.
You tentacle-slap the gnoll but do no damage.
Your grab misses the gnoll.
You pierce the gnoll.
The gnoll is lightly wounded.
The gnoll hits you with a +0 flail!
Ouch! That really hurt!
You tentacle-slap the gnoll. You grab the gnoll.
You pierce the gnoll.
The gnoll is moderately wounded.
Your transformation is almost over.
You constrict the gnoll, but do no damage.
The gnoll hits you with a +0 flail!
Ouch! That really hurt!
You die...

############ ##
#..........### .#
##............
.###### #....(......#
.##...###.[.........#
..#...##............#
#...†...............#
###.†...........@...#
#...#.#........g..#
#...#...###########
.....##..#
###...#....[
#.....(....
##.##....... #.#
.##..


You could see a gnoll.

Vanquished Creatures
  A bat (D:1)
  A quokka (D:1)
  A rat (D:1)
3 creatures vanquished.

Notes
Turn   | Place    | Note
-------+----------+-------------------------------------------
     0 | D:1      | H0rd4k the Octopode Transmuter began the quest for the Orb.
     0 | D:1      | Reached XP level 1. HP: 13/13 MP: 3/3
   341 | D:1      | Slain by a gnoll

Illustrated notes

Levels and vault maps discovered:
D:1:      roderic_lyre, layout_rooms, hellmonk_ecumenical_altar_inner_sanctum,
          nicolae_concentric_dashed_squares_wild

Action                   || total
-------------------------++-------
Melee: Unarmed           ||     7
       Constrict         ||     4
       Tentacles         ||     3
       Kick              ||     2
       Punch             ||     1
 Cast: Beastly Appendage ||     1
 Stab: Sleeping          ||     1
Armor: Skin              ||     1
Dodge: Dodged            ||     3
